 Dungeon Crawl Stone Soup version 0.24.0-37-gcf1ca852f1 (webtiles) character file.

Game seed: 16177508678697765156, levelgen mode: deterministic

60 Delarado the Skirmisher (level 4, -6/49 HPs)
             Began as an Ogre Hunter on Dec 2, 2019.
             Mangled by a gnoll
             ... wielding a +1 halberd of protection
              (15 damage)
             ... on level 2 of the Dungeon.
             The game lasted 00:02:13 (1013 turns).

Delarado the Skirmisher (Ogre Hunter)               Turns: 1013, Time: 00:02:13

Health: -6/49      AC:  6    Str: 17    XL:     4   Next: 4%
Magic:  4/4        EV: 10    Int: 12    God:
Gold:   25         SH:  0    Dex:  9    Spells: 3/3 levels left

rFire    . . .     SeeInvis .   a - +0 short sword
rCold    . . .     Gourm    .   (no shield)
rNeg     . . .     Faith    .   b - +0 robe
rPois    .         Spirit   .   (helmet restricted)
rElec    .         Reflect  .   e - +2 cloak
rCorr    .         Harm     .   (gloves unavailable)
MR       .....                  (boots unavailable)
Stlth    +.........             (no amulet)
HPRegen  0.16/turn              (no ring)
MPRegen  0.09/turn              (no ring)

@: no status effects
A: large, unfitting armour, tough skin 1
a: no special abilities


You were on level 2 of the Dungeon.
You were not hungry.

You visited 1 branch of the dungeon, and saw 2 of its levels.

You collected 25 gold pieces.

Inventory:

Hand Weapons
 a - a +0 short sword (weapon)
Missiles
 j - 75 stones (quivered)
Armour
 b - a +0 robe (worn)
 e - a +2 cloak (worn)
 h - a +0 buckler
Scrolls
 g - a scroll of enchant armour {unknown}
 k - 2 scrolls of identify {unknown}
 l - a scroll of remove curse {unknown}
 n - a scroll of teleportation {unknown}
Potions
 i - 2 potions of degeneration {unknown}
 m - a potion of agility {unknown}
 o - a potion of curing {unknown}
 p - a potion of heal wounds {unknown}
Comestibles
 f - 4 rations
 q - 3 chunks of flesh


   Skills:
 + Level 4.3 Fighting
 + Level 2.1 Short Blades
 - Level 4.0 Throwing
 - Level 1.7 Dodging
 - Level 0.6 Stealth


You had 3 spell levels left.
You didn't know any spells.
Your spell library was empty.

Dungeon Overview and Level Annotations

Branches:
Dungeon (2/15)

Altars:


Innate Abilities, Weirdness & Mutations

You are too large for most types of armour.
You have tough skin. (AC +1)


Message History

* * * LOW HITPOINT WARNING * * *
The gnoll misses you.
You closely miss the gnoll.
The gnoll is almost dead.
The gnoll hits you from afar with a +1 halberd of protection.
* * * LOW HITPOINT WARNING * * *
The gnoll hits you but does no damage.
You hit the gnoll.
You kill the gnoll!
You have reached level 4!
The gnoll barely misses you.
Things that are here:
a cursed -3 spear; 2 large rocks; a gnoll corpse Throwing (i - inventory. (/) - cycle)
d - a throwing net (quivered)
Press: ? - help, Shift-Dir - straight line, f - gnoll
Aim: a gnoll, wielding a +1 halberd of protection You throw a throwing net.
The throwing net closely misses the gnoll.
The gnoll hits you from afar with a +1 halberd of protection!
You die...

#..........#
#..........#
#......)...####
#......).......
#..............
#.............. #.
##.##.#####....
###.(######.##.#
#....
....(.(@)g.(##.#
#....
####.##<###.##.#
#.... .... ..##.#
#....
#..#.###g##.#####....
#....# #.##..........
#> ### #.########....
.. #.# #.... ## .#
####' ####### #.


You could see a gnoll.

Vanquished Creatures
  An adder (D:2)
  3 gnolls (D:2)
  2 dart slugs (D:1)
  A giant cockroach (D:1)
  A goblin (D:1)
  3 hobgoblins
  2 kobolds
  A bat (D:2)
  3 frilled lizards (D:1)
  4 rats (D:1)
21 creatures vanquished.

Vanquished Creatures (others)
  A plant (D:1)
1 creature vanquished.

Grand Total: 22 creatures vanquished

Notes
Turn   | Place    | Note
-------+----------+-------------------------------------------
     0 | D:1      | Delarado the Ogre Hunter began the quest for the Orb.
     0 | D:1      | Reached XP level 1. HP: 22/22 MP: 1/1
   146 | D:1      | Reached XP level 2. HP: 27/31 MP: 2/2
   217 | D:1      | Reached skill level 1 in Short Blades
   974 | D:2      | Reached XP level 3. HP: 34/39 MP: 3/3
  1011 | D:2      | Reached XP level 4. HP: 8/49 MP: 4/4
  1013 | D:2      | Mangled by a gnoll

Levels and vault maps discovered:
D:1:      elethiomel_arrival_maze, layout_rooms, serial_forest,
          infiniplex_forest_straight_2, infiniplex_forest_clump_diagonal,
          infiniplex_forest_end_double, infiniplex_forest_straight_4,
          infiniplex_forest_straight_2, infiniplex_forest_end_1,
          infiniplex_forest_clump_double, infiniplex_forest_end_1,
          minmay_misc_feat_more_columns, ebering_dispersal_statue_hall
D:2:      layout_basic

Skill      XL: |  1  2  3 |
---------------+----------+-----
Fighting       | 3 4 |  4.3
Short Blades   | 1 2 |  2.1
Throwing       | |  4.0
Dodging        | |  1.7
Stealth        | |  0.6

Action                   |  1- 3 |  4- 6 || total
-------------------------+-------+-------++-------
Melee: Short sword       |   105 |       ||   105
Throw: Large rock        |     7 |       ||     7
       Throwing net      |     2 |     1 ||     3
 Stab: Sleeping          |     1 |       ||     1
Armor: Robe              |    25 |       ||    25
Dodge: Dodged            |    32 |     1 ||    33
